 Dungeon Crawl Stone Soup version 0.29-a0-813-g4a14ea37d6 (webtiles) character file.

Game seed: 10918562229021723707

14 Spectrina the Sneak (level 2, 0/26 HPs)
             Began as a Draconian Delver on July 5, 2022.
             Slain by a hound (3 damage)
             ... on level 4 of the Dungeon.
             The game lasted 00:02:31 (174 turns).

Spectrina the Sneak (Draconian Delver)               Turns: 174, Time: 00:02:31

Health: 0/26       AC:  4    Str: 14    XL:     2   Next: 27%
Magic:  2/2        EV: 12    Int: 10    God:
Gold:   32         SH:  0    Dex: 12    Spells: 1/1 levels left

rFire   . . .      SeeInvis .     - Unarmed
rCold   . . .      Faith    .   (no shield)
rNeg    . . .      Spirit   .   (body armour unavailable)
rPois   .          Reflect  .   (helmet restricted)
rElec   .          Harm     .   (no cloak)
rCorr   .          Rampage  .   (no gloves)
Will    .....                   (no boots)
Stlth   +++.......              (no amulet)
HPRegen 0.08/turn               (no ring)
MPRegen 0.08/turn               (no ring)

@: no status effects
A: AC +4, unfitting armour, cold-blooded
a: no special abilities


You were on level 4 of the Dungeon.
You visited 1 branch of the dungeon, and saw 2 of its levels.

You collected 32 gold pieces.

Inventory:

Wands
 e - a wand of digging (3)
Scrolls
 a - a scroll of fog
 b - a scroll of magic mapping
 f - a scroll of identify {unknown}
Potions
 d - a potion of haste


   Skills:
 - Level 3.2 Fighting
 - Level 1.7 Dodging
 - Level 4.5 Stealth
 + Level 3.0 Unarmed Combat


You had one spell level left.
You didn't know any spells.
Your spell library was empty.

Dungeon Overview and Level Annotations

Branches:
Dungeon (5/15)
 Temple: D:4-7

Altars:


Innate Abilities, Weirdness & Mutations

Your plain brown scales are hard. (AC +4)
You cannot fit into any form of body armour.
You are cold-blooded and may be slowed by cold attacks.


Message History

a giant cockroach corpse; an adder corpse
As you read the scroll of fear, it crumbles to dust.
You assume a fearsome visage.
The orc priest looks frightened!
A hound comes into view.
The helpless hound fails to defend itself.
You hit the hound.
The hound is lightly wounded.
The hound bites you but does no damage. The hound barely misses you.
You hit the hound but do no damage.
The hound is lightly wounded.
The hound barely misses you.
You barely miss the hound.
The hound is lightly wounded.
The hound bites you.
You barely miss the hound.
You tail-slap the hound, but do no damage.
The hound is lightly wounded.
The hound closely misses you. The hound bites you.
You closely miss the hound.
Your tail-slap misses the hound.
The hound is lightly wounded.
The hound bites you but does no damage.
You hit the hound but do no damage.
The hound is lightly wounded.
The hound bites you but does no damage. The hound barely misses you.
You closely miss the hound.
Your tail-slap misses the hound.
The hound is lightly wounded.
The hound bites you.
You closely miss the hound.
The hound is lightly wounded.
The hound bites you but does no damage. x2
Okay, then.
Unknown command.
Okay, then.
You barely miss the hound. The hound bites you.
* * * LOW HITPOINT WARNING * * *
You miss the hound.
Your tail-slap misses the hound.
The hound bites you.
* * * LOW HITPOINT WARNING * * *
You closely miss the hound. The hound bites you but does no damage.
The hound bites you.
You die...

#######..........
#....##...######.
#.##.....## #.
#.######## #. #.#
#. #.# #. #.#
####### #. ###.#
#.....# #. #.@.#
#.....# ## #h###
#.....# ...
#.....# #.##
#.....# #.
###.### # #.#
#### #.######...
#......#.##
######.#.#


You could see a hound.

Vanquished Creatures
  An adder (D:4)
  An endoplasm (D:4)
  A giant cockroach (D:4)
  A hobgoblin (D:4)
  A ball python (D:4)
5 creatures vanquished.

Notes
Turn   | Place    | Note
-------+----------+-------------------------------------------
     0 | D:5      | Spectrina the Draconian Delver began the quest for the Orb.
     0 | D:5      | Reached XP level 1. HP: 19/19 MP: 1/1
   104 | D:4      | Reached XP level 2. HP: 16/26 MP: 2/2
   174 | D:4      | Slain by a hound

Illustrated notes

Levels and vault maps discovered:
D:4:      minmay_spotlight, layout_loops_cross, amcnicky_altar_gilded,
          serial_shops, shop
D:5:      layout_loops_corners, amethyst_overflow_temple_binary, bloody_makhleb,
          minmay_temple_entry_arrows, grunt_ministairs_10, st_stairs_4,
          kennysheep_generic_room_5, uniq_eustachio, uniq_blork_the_orc

Skill      XL: |  1  2 |
---------------+-------+-----
Unarmed Combat | 3 |  3.0
Fighting       | |  3.2
Dodging        | |  1.7
Stealth        | |  4.5

Action                   || total
-------------------------++-------
Melee: Unarmed           ||    39
       Tailslap          ||     7
       Punch             ||     1
  Use: Scroll            ||     1
 Stab: Sleeping          ||     3
Armor: Skin              ||    17
Dodge: Dodged            ||    19

Table legend: (Time is in decaauts)
 A = Elapsed time spent in this place.
 B = Non-inter-level travel time spent in this place.
 C = Inter-level travel time spent in this place.
 D = Time resting spent in this place.
 E = Time spent auto-exploring this place.
 F = Levels seen in this place.
 G = Mean time per level.
                   A        B        C        D        E       F      G
               +--------+--------+--------+--------+--------+-----+--------+
         Total |    172 |    172 |      0 |      0 |      0 |   2 |   86.0 |
       Dungeon |    172 |    172 |      0 |      0 |      0 |   2 |   86.0 |
               +--------+--------+--------+--------+--------+-----+--------+

Top non-repeatable levels by time:
     D:4: 165 daAuts
     D:5: 7 daAuts
